Map: Dusk Towers

Players

파워

  • Race: Zerg Zerg
  • League: Platinum

Florencio - Winner!

  • Race: Protoss Protoss
  • League: Platinum

VOD

Have the link to the VOD?

Description

Time

  • Played on: July 9, 2016, 5:57 p.m.
  • Length: 9:14
Show
View Real Time Build Order
Export as new Build Order

파워 Zerg 

Build Orders: Hatch First, Zergling Baneling 

Get SALT Encoding   

  12  0:01  Drone  
  13  0:13  Overlord  
  13  0:17  Drone  
  14  0:32  Drone x2  
  14  0:35  Drone  
  17  0:56  Hatchery  
  16  0:57  Drone  
  16  0:59  Drone  
  18  1:05  Extractor  
  17  1:15  Spawning Pool  
  17  1:18  Drone  
  17  1:21  Drone  
  18  1:29  Drone  
  19  1:39  Overlord  
  19  2:04  Spore Crawler  
  19  2:05  Queen  
  19  2:07  Metabolic Boost  
  21  2:08  Zergling x4  
  21  2:12  Queen  
  24  2:15  Zergling x2  
  24  2:20  Zergling x2  
  24  2:22  Zergling x2  
  27  2:26  Zergling x2  
  28  2:39  Zergling x4  
  28  2:40  Baneling Nest  
  29  2:45  Zergling x2  
  29  2:50  Overlord  
  30  3:00  Overlord  
  30  3:01  Zergling x2  
  31  3:06  Zergling x2  
  31  3:09  Zergling x2  
  33  3:14  Zergling x2  
  33  3:19  Zergling x2  
  35  3:25  Zergling x2  
  35  3:38  Zergling x2  
  35  3:39  Zergling x4  
  36  3:47  Zergling x2  
  36  3:48  Zergling x2  
  38  3:56  Baneling x2  
  38  3:57  Baneling x7  
  38  3:59  Zergling x2  
  38  4:01  Zergling x2  
  40  4:17  Zergling x4  
  38  4:30  Zergling x6  
  40  4:34  Baneling x4  
  40  4:35  Baneling  
  40  4:37  Drone  
  41  4:39  Drone  
  41  4:42  Drone  
  43  4:51  Drone  
  41  5:03  Drone x3  
  41  5:15  Drone x4  
  43  5:23  Drone  
  43  5:27  Drone  
  39  5:39  Drone x2  
  40  5:45  Lair  
  40  5:46  Drone x2  
  38  5:58  Drone x2  
  38  6:03  Drone  
  41  6:07  Extractor  
  41  6:09  Extractor  
  39  6:14  Drone, Overlord  
  40  6:19  Drone x2, Overlord  
  40  6:23  Hatchery  
  41  6:30  Drone, Overlord  
  42  6:35  Drone, Overlord  
  43  6:43  Spore Crawler  
  42  6:48  Drone x2  
  42  6:49  Drone  
  42  6:52  Overlord, Zergling x6  
  48  6:57  Overlord  
  48  7:00  Hydralisk Den  
  47  7:02  Overseer  
  47  7:04  Overlord  
  32  7:34  Spore Crawler  
  32  7:35  Spore Crawler  
  30  7:39  Spore Crawler  
  29  7:46  Zergling x8  
  33  7:57  Queen  
  36  7:58  Drone x3  
  38  8:06  Spore Crawler  
  37  8:13  Zergling x6  
  37  8:14  Zergling x16  
  48  8:24  Spore Crawler x2  
  48  8:26  Overlord  
  46  8:27  Spore Crawler  
  45  8:53  Spawning Pool  
Show
View Real Time Build Order
Export as new Build Order

Florencio Protoss - Winner!

Build Orders: 1 Gate Expand 

Get SALT Encoding   

  12  0:01  Probe (Chrono Boost)  
  13  0:11  Probe (Chrono Boost)  
  14  0:22  Probe (Chrono Boost)  
  14  0:25  Pylon  
  15  0:43  Probe (Chrono Boost), Gateway  
  16  0:50  Assimilator  
  16  0:54  Probe (Chrono Boost)  
  16  0:55  Assimilator  
  17  1:04  Probe (Chrono Boost)  
  18  1:15  Probe (Chrono Boost)  
  19  1:26  Probe (Chrono Boost)  
  20  1:36  Probe (Chrono Boost)  
  21  1:41  Nexus  
  21  1:47  Probe (Chrono Boost)  
  22  1:57  Probe (Chrono Boost)  
  23  2:04  Cybernetics Core  
  23  2:18  Pylon  
  23  2:36  Probe (Chrono Boost)  
  24  2:42  Stalker  
  26  2:45  Pylon  
  26  2:47  Mothership Core (Chrono Boost)  
  28  2:58  Pylon  
  28  3:01  Probe (Chrono Boost)  
  30  3:05  Probe (Chrono Boost)  
  30  3:06  Assimilator  
  30  3:07  Assimilator  
  30  3:11  Probe (Chrono Boost)  
  31  3:17  Probe (Chrono Boost)  
  32  3:22  Probe (Chrono Boost)  
  32  3:25  Stargate  
  33  3:27  Probe (Chrono Boost)  
  33  3:32  Probe (Chrono Boost)  
  35  3:37  Forge  
  35  3:38  Probe (Chrono Boost)  
  36  3:46  Probe (Chrono Boost)  
  36  3:48  Stargate  
  37  3:53  Stargate  
  38  3:55  Probe (Chrono Boost)  
  38  4:02  Probe (Chrono Boost)  
  39  4:06  Probe (Chrono Boost)  
  40  4:10  Pylon  
  40  4:18  Photon Cannon  
  40  4:33  Photon Cannon  
  40  4:34  Probe x2 (Chrono Boost)  
  40  4:37  Photon Cannon  
  42  4:41  Photon Cannon  
  42  4:49  Photon Cannon  
  42  5:02  Pylon  
  42  5:04  Photon Cannon  
  42  5:09  Pylon, Oracle  
  43  5:23  Pylon  
  43  5:28  Photon Cannon  
  42  5:40  Oracle  
  42  5:41  Oracle  
  48  5:45  Oracle (Chrono Boost)  
  48  5:47  Probe x2 (Chrono Boost)  
  53  6:11  Probe x2 (Chrono Boost)  
  55  6:17  Oracle (Chrono Boost)  
  61  6:20  Oracle (Chrono Boost)  
  61  6:21  Probe x2, Oracle (Chrono Boost)  
  66  6:32  Pylon  
  66  6:33  Probe  
  66  6:34  Probe  
  66  6:35  Pylon  
  66  6:37  Pylon  
  68  6:45  Probe  
  68  6:46  Probe  
  70  6:49  Photon Cannon  
  70  6:51  Photon Cannon  
  70  7:02  Void Ray (Chrono Boost)  
  78  7:08  Void Ray (Chrono Boost)  
  78  7:29  Void Ray (Chrono Boost)  
  82  7:33  Nexus  
  82  7:39  Void Ray (Chrono Boost)  
  86  7:50  Pylon  
  90  7:52  Void Ray (Chrono Boost)  
  90  7:54  Assimilator  
  90  8:00  Assimilator  
  94  8:13  Void Ray (Chrono Boost)  
  94  8:16  Void Ray (Chrono Boost)  
  98  8:24  Pylon  
  98  8:30  Stargate  
  98  8:31  Pylon  
  102  8:35  Void Ray (Chrono Boost)  
Tags
 
Add a new tag
Caveats
  • Supply blocks, unpowered buildings, or Contaminate may cause inaccurate times.
  • Supply counts are checked every 10 seconds.